 Dungeon Crawl Stone Soup version 0.31-a0-152-g6aa68a64a1 (webtiles) character file.

Game seed: 2479014653706896116

57 qw the Shooter (level 3, -3/31 HPs)
             Began as a Minotaur Hunter on June 9, 2023.
             Slain by a gnoll
             ... wielding a +0 flail
              (6 damage)
             ... on level 2 of the Dungeon.
             The game lasted 00:00:22 (758 turns).

qw the Shooter (Minotaur Hunter)                     Turns: 758, Time: 00:00:23

Health: -3/31      AC:  5    Str: 15    XL:     3   Next: 73%
Magic:  2/2        EV: 11    Int:  6    God:
Gold:   49         SH:  0    Dex: 15    Spells: 2/2 levels left

rFire   . . .        Y - +0 shortbow
rCold   . . .        (shield currently unavailable)
rNeg    . . .        e - +0 ring mail
rPois   .            (helmet restricted)
rElec   .            (no cloak)
rCorr   .            (no gloves)
SInv    .            (no boots)
Will    .....        (no amulet)
Stlth   +            (no ring)
HPRegen 0.25/turn    (no ring)
MPRegen 0.08/turn

%: no passive effects
@: no status effects
A: horns 2, retaliatory headbutt
a: no special abilities


You were on level 2 of the Dungeon.
You visited 1 branch of the dungeon, and saw 2 of its levels.

You collected 49 gold pieces.


Innate Abilities, Weirdness & Mutations

You have a pair of horns on your head.
You reflexively headbutt those who attack you in melee.


   Skills:
 - Level 3.0 Fighting
 + Level 5.6 Ranged Weapons
 - Level 1.0 Armour
 - Level 2.1 Dodging
 - Level 0.7 Stealth


You had 2 spell levels left.
You didn't know any spells.
Your spell library was empty.

Inventory:

Hand Weapons
 Y - a +0 shortbow (weapon)
Armour
 c - the +1 leather armour of Joy {rPois MP+9 Int-3 Dex+3}
   (You found it on level 2 of the Dungeon)

   Int:       It affects your intelligence (-3).
   Dex:       It affects your dexterity (+3).
   rPois:     It protects you from poison.
   MP:        It affects your magic capacity (+9).
 e - a +0 ring mail (worn)
Scrolls
 b - 2 scrolls of identify
Potions
 a - a potion of brilliance {unknown}

Dungeon Overview and Level Annotations

Branches:
Dungeon (2/15)

Altars:


Message History

The frilled lizard blinks!
The ball python blinks!
The gnoll blinks!
The frilled lizard blinks!
The gnoll blinks!
The ball python blinks!
You blink.
The gnoll blinks!
Enter note:
Enter note:
Enter note:
Enter note:
Enter note:
Enter note: You shoot an arrow.
The arrow hits the endoplasm!
You kill the endoplasm!
The gnoll hits you from afar with a +0 spear.
You shoot an arrow. The arrow closely misses the gnoll.
The gnoll hits you from afar with a +0 spear.
You shoot an arrow.
The arrow hits the gnoll but does no damage.
The gnoll hits you from afar with a +0 spear.
The gnoll hits you with a +0 club!
You shoot an arrow. The arrow hits the gnoll.
The gnoll is moderately wounded.
The gnoll barely misses you. The gnoll closely misses you.
The gnoll misses you. You furiously retaliate!
You headbutt the gnoll!
You kill the gnoll!
The gnoll hits you but does no damage.
You shoot an arrow.
The arrow hits the gnoll but does no damage.
The gnoll hits you from afar with a +0 spear.
You shoot an arrow. The arrow hits the gnoll.
The gnoll is moderately wounded.
The gnoll hits you from afar with a +0 spear.
You shoot an arrow. The arrow hits the gnoll!
You kill the gnoll!
You shoot an arrow. The arrow hits the frilled lizard.
You kill the frilled lizard!
You shoot an arrow. The arrow hits the ball python.
You kill the ball python!
You shoot an arrow. The arrow barely misses the gnoll.
You shoot an arrow. The arrow closely misses the gnoll.
The gnoll hits you with a +0 flail.
You die...

.......¤.#..
...#+#...#..##
.......$.#...
.$.....?..(..
..###.#+#.... .
..#.#..########
#####..%^.......l
.....).g....$....
####.@)........
+.........¤.
#...........
############


You could see a gnoll.

Vanquished Creatures
  2 gnolls (D:2)
  A dart slug (D:1)
  3 bats
  5 endoplasms
  A giant cockroach (D:2)
  2 goblins (D:1)
  5 hobgoblins
  3 kobolds
  6 ball pythons
  3 frilled lizards
  3 rats
34 creatures vanquished.

Notes
Turn   | Place    | Note
-------+----------+-------------------------------------------
     0 | D:1      | qw the Minotaur Hunter began the quest for the Orb.
     0 | D:1      | Reached XP level 1. HP: 18/18 MP: 0/0
     0 | D:1      | 0 ||| qw: Version: 0.2-a-122-gbc61b45
     0 | D:1      | 0 ||| qw: Game counter: 3297
     0 | D:1      | 0 ||| qw: Always use a shield: true
     0 | D:1      | 0 ||| qw: God list: Okawaru
     0 | D:1      | 0 ||| qw: Allow faded altars: false
     0 | D:1      | 0 ||| qw: Do Orc after D:15 true
     0 | D:1      | 0 ||| qw: Do second Lair branch before Depths: true
     0 | D:1      | 0 ||| qw: Lair rune preference: random
     0 | D:1      | 0 ||| qw: Plans: Normal
     0 | D:1      | 0 ||| PLANNING D:1-11
   192 | D:1      | Reached XP level 2. HP: 25/25 MP: 1/1
   216 | D:1      | Reached skill level 5 in Ranged Weapons
   225 | D:1      | Found a faded altar of an unknown god.
   226 | D:1      | Noticed a shining eye
   234 | D:1      | Noticed a shining eye
   234 | D:1      | Noticed a golden eye
   234 | D:1      | Noticed an eye of devastation
   395 | D:1      | Reached skill level 3 in Fighting
   510 | D:1      | 510 ||| UPGRADING to +0 ring mail.
   520 | D:1      | 520 ||| DROPPING +0 leather armour.
   521 | D:1      | 521 ||| READING scroll labelled GOXTAIQUOM.
   522 | D:1      | 522 ||| READING scroll labelled BUNKEE GIBRYAXU.
   526 | D:1      | 526 ||| DROPPING scroll of butterflies.
   577 | D:2      | Reached skill level 1 in Armour
   627 | D:2      | Reached XP level 3. HP: 31/31 MP: 2/2
   694 | D:2      | Identified the +1 leather armour of Joy {rPois MP+9 Int-3
                  | Dex+3}
   750 | D:2      | HP: 5/31 [gnoll/+0 club (8)]
   752 | D:2      | HP: 2/31 [gnoll/+0 spear (4)]
   758 | D:2      | Slain by a gnoll

Levels and vault maps discovered:
D:1:      heliophobic_arrival_ceremonial_halls, layout_basic,
          hellmonk_ecumenical_altar_watching_god, amcnicky_mini_corridor_feature
D:2:      layout_basic

Skill      XL: |  1  2 |
---------------+-------+-----
Ranged Weapons | 5 |  5.6
Fighting       | 3 |  3.0
Armour         | 1 |  1.0
Dodging        | |  2.1
Stealth        | |  0.7

Action                     || total
---------------------------++-------
   Fire: Shortbow          ||    87
    Use: Scroll            ||     2
 Armour: Leather armour    ||     4
         Ring mail         ||     3
  Dodge: Dodged            ||    15

Table legend:
 A = Non-vault XP
 B = Vault XP
 C = Vault XP percentage of total XP
 D = Non-vault monster count
 E = Vault monster count
 F = Vault count percentage of total count
                 A         B        C        D         E       F
            +---------+---------+-------+---------+---------+-------
      Total |      82 |       0 |   0.0 |      34 |       0 |   0.0
            +---------+---------+-------+---------+---------+-------
        D:1 |      30 |       0 |   0.0 |      17 |       0 |   0.0
        D:2 |      52 |       0 |   0.0 |      17 |       0 |   0.0
            +---------+---------+-------+---------+---------+-------
